 Dungeon Crawl Stone Soup version 0.25-a0-731-g0472a16d6a (webtiles) character file.

Game seed: 13303816610998178342, levelgen mode: deterministic

154 Iflex the Poker (level 5, -1/40 HPs)
             Began as a Merfolk Gladiator on Apr 8, 2020.
             Was a Believer of Makhleb.
             Slain by a killer bee zombie (5 damage)
             ... on level 5 of the Dungeon.
             The game lasted 00:08:40 (2084 turns).

Iflex the Poker (Merfolk Gladiator)                 Turns: 2084, Time: 00:08:40

Health: -1/40      AC:  4    Str: 15    XL:     5   Next: 35%
Magic:  5/5        EV: 14    Int:  8    God:    Makhleb [**....]
Gold:   12         SH:  0    Dex: 15    Spells: 4/4 levels left

rFire    . . .     SeeInvis .   a - +0 trident
rCold    . . .     Gourm    .   (no shield)
rNeg     . . .     Faith    .   b - +0 leather armour
rPois    .         Spirit   .   c - +0 helmet
rElec    .         Reflect  .   (no cloak)
rCorr    .         Harm     .   (no gloves)
MR       .....                  (no boots)
Stlth    ..........             (no amulet)
HPRegen  0.13/turn              e - ring of attention (curse)
MPRegen  0.09/turn              (no ring)

@: no status effects
A: change form in water, swift swim, stealthy swim
a: Minor Destruction, Renounce Religion


You were on level 5 of the Dungeon.
You worshipped Makhleb.
Makhleb was pleased with you.
You were not hungry.

You visited 1 branch of the dungeon, and saw 4 of its levels.

You collected 117 gold pieces.
You spent 105 gold pieces at shops.

Inventory:

Hand Weapons
 a - a +0 trident (weapon)
Missiles
 d - 3 throwing nets
 k - 3 boomerangs (quivered)
Armour
 b - a +0 leather armour (worn)
 c - a +0 helmet (worn)
 p - the +10 tower shield of Ignorance {rN+ Int-4}
   (You found it on level 5 of the Dungeon)

   It affects your intelligence (-4).
   It protects you from negative energy.
Jewellery
 e - a cursed ring of attention (left hand)
 l - an uncursed ring of stealth
Wands
 h - a wand of polymorph (9)
Scrolls
 g - a scroll of enchant armour {unknown}
 i - a scroll of random uselessness
 j - a scroll of immolation
 m - a scroll of remove curse {unknown}
 n - a scroll of vulnerability {unknown}
 o - a scroll of teleportation
 q - a scroll of magic mapping
 r - a scroll of blinking {unknown}
 s - 2 scrolls of identify
Potions
 t - a potion of haste {unknown}
Comestibles
 f - 4 rations
 u - 2 chunks of flesh


   Skills:
 * Level 2.9 Fighting
 + Level 5.9 Polearms
 + Level 2.4 Throwing
 + Level 1.6 Armour
 + Level 5.0 Dodging


You had 4 spell levels left.
You didn't know any spells.
Your spell library contained the following spells:

 Spells                   Type           Power        Failure   Level  Hunger
 Beastly Appendage        Tmut           #.....       47%         1    ##.....
 Sticks to Snakes         Tmut           #.......     63%         2    ###....
 Spider Form              Tmut/Pois      #.........   85%         3    ####...
 Ice Form                 Ice/Tmut       #.......     99%         4    #####..
 Blade Hands              Tmut           #.........   100%        5    ######.


Dungeon Overview and Level Annotations

Branches:
Dungeon (3/15)             Temple (0/1) D:5

Altars:
Makhleb

Shops:
D:5 [?


Message History

You barely miss the killer bee zombie.
The killer bee zombie is heavily damaged.
The killer bee zombie completely misses you.
The killer bee zombie hits you.
You closely miss the killer bee zombie.
The killer bee zombie is heavily damaged.
The killer bee zombie hits you but does no damage.
The killer bee zombie hits you.
You closely miss the killer bee zombie.
The killer bee zombie is heavily damaged.
The killer bee zombie hits you.
* * * LOW HITPOINT WARNING * * *
The killer bee zombie hits you.
* * * LOW HITPOINT WARNING * * *
The killer bee zombie hits you.
* * * LOW HITPOINT WARNING * * *
You barely miss the killer bee zombie.
The killer bee zombie is heavily damaged.
The killer bee zombie hits you.
You die...

.#.........#,,,,,+,,,,,,,,,,,,,,,
.#.........#,,,,,*...,*,,,,,*****
...........+,,,,,*..,,+,,,,**,,,*
#....####.##,,****.#*,******,,,,,
#..###############.##,*****,,,*,,
.......#......,#....#,,,**,,,***,
##.....#......,#....#,,**,,,*****
.......#......,#....#,**,,,**,,,*
##[#+###*#...#*#@..#***,,,**,,,,,
....∩..###...###Z..###,,,**,,,,,,
##.......#...........#,,,,,,,,,,,
.........#...........#,,,**,,,,,,
.........#...........#*,,,**,,,,,
#.......##...##.....##**,,,**,,,*
######'###...##.....#*,**,,,*****
..............#.......,,**,,,***,
..............#.....##.,,**,,,*,,


You could see a killer bee zombie.

Vanquished Creatures
  A crimson imp (D:5)
  A hound (D:5)
  A worker ant (D:5)
  A hound skeleton (D:5)
  2 oozes
  A leopard gecko (D:5)
  4 bats
  4 giant cockroaches
  3 goblins (D:1)
  4 hobgoblins
  2 jackals (D:2)
  7 kobolds
  2 quokkas
  4 frilled lizards (D:1)
  5 rats
42 creatures vanquished.

Notes
Turn   | Place    | Note
-------+----------+-------------------------------------------
     0 | D:1      | Iflex the Merfolk Gladiator began the quest for the Orb.
     0 | D:1      | Reached XP level 1. HP: 16/16 MP: 1/1
   136 | D:1      | You fall into a shaft and drop 1 floor!
   155 | D:2      | Found a faded altar of an unknown god.
   169 | D:2      | Became a worshipper of Makhleb the Destroyer
   169 | D:2      | Reached * piety under Makhleb
   190 | D:1      | Reached XP level 2. HP: 14/22 MP: 2/2
   508 | D:1      | Reached XP level 3. HP: 27/27 MP: 3/3
   778 | D:2      | Reached skill level 5 in Polearms
   950 | D:2      | Reached ** piety under Makhleb
  1629 | D:3      | You fall into a shaft and drop 2 floors!
  1629 | D:5      | Entered Level 5 of the Dungeon
  1629 | D:5      | Found a staircase to the Ecumenical Temple.
  1646 | D:5      | Reached skill level 1 in Armour
  1646 | D:5      | Reached XP level 4. HP: 14/34 MP: 4/4
  1834 | D:5      | Found Quniep's Antique Armour Emporium.
  1850 | D:5      | Found the +10 tower shield of Ignorance {rN+ Int-4}
  1957 | D:5      | Reached skill level 5 in Dodging
  1957 | D:5      | Reached XP level 5. HP: 40/40 MP: 5/5
  1960 | D:5      | Found Maw Segh's Magic Scroll Shop.
  1968 | D:5      | Bought a scroll of identify for 28 gold pieces
  1968 | D:5      | Bought a scroll of magic mapping for 49 gold pieces
  1968 | D:5      | Bought a scroll of identify for 28 gold pieces
  2084 | D:5      | Slain by a killer bee zombie

Levels and vault maps discovered:
D:1:      tarquinn_simple_flora_water_a, layout_loops_cross, minmay_3d_cube
D:2:      layout_loops_ring, chequers_ecumenical_altar_simple
D:3:      layout_basic, cheibrodos_sewer_entry_bend, minmay_ogre_servants
D:5:      layout_gridville, minmay_temple_entry_ruins, serial_shops, shop, shop,
          nicolae_shop_crystal, kennysheep_mini, kennysheep_diamond,
          led_sif_book

Skill      XL: |  1  2  3  4 |
---------------+-------------+-----
Polearms       | 5 |  5.9
Armour         | 1 |  1.6
Dodging        | 5 |  5.0
Fighting       | |  2.9
Throwing       | |  2.4

Action                   |  1- 3 |  4- 6 || total
-------------------------+-------+-------++-------
Melee: Trident           |   158 |    40 ||   198
Throw: Boomerang         |     3 |     6 ||     9
  Use: Scroll            |     3 |     1 ||     4
       Potion            |     3 |       ||     3
  Eat: Ration            |     1 |       ||     1
       Chunk             |       |     1 ||     1
Armor: Leather armour    |    44 |     9 ||    53
Dodge: Dodged            |   126 |    20 ||   146

Table legend:
 A = Non-vault XP
 B = Vault XP
 C = Vault XP percentage of total XP
 D = Non-vault monster count
 E = Vault monster count
 F = Vault count percentage of total count
                 A         B        C        D         E       F
            +---------+---------+-------+---------+---------+-------
      Total |     214 |       6 |   2.7 |      38 |       4 |   9.5
            +---------+---------+-------+---------+---------+-------
        D:1 |      34 |       6 |  15.0 |      20 |       4 |  16.7
        D:2 |      15 |       0 |   0.0 |       8 |       0 |   0.0
        D:3 |      15 |       0 |   0.0 |       5 |       0 |   0.0
        D:5 |     150 |       0 |   0.0 |       5 |       0 |   0.0
            +---------+---------+-------+---------+---------+-------
